[ AOE2 MATCH · #506939072 ]
UnrankedTatars vs Britons
Player's team · LOSS
Rival team · WIN
[ REPLAY ANALYSIS · EXTRACTED FROM THE RECORDED GAME ]
Feudal
9:16
Castle
—
Imperial
—
| APM avg | 61.1 |
| APM peak | 102 |
| eAPM avg | 21.7 |
| Villagers / military | 42 / 14 |
Focus
⚔️ 31.6% · 🌾 68.4%
Archer ×11 · Scout Cavalry ×2 · Spearman ×1
Feudal
9:34
Castle
—
Imperial
—
| APM avg | 48.8 |
| APM peak | 71 |
| eAPM avg | 21.7 |
| Villagers / military | 35 / 13 |
Focus
⚔️ 43.6% · 🌾 56.4%
Archer ×9 · Militia ×4
Match map
Initial resources + every placement click. Lines = walls · curves = elevation contours. ◆ gold · ⬟ stone · ● berries · ✦ relic · ◌ wall gap
Your base· Open — unwalled flank
G-Dragon's base· Open — unwalled flank
Smoothed initial terrain · ◌ = detected wall gap · hover for details
Inputs per minute
— ask - - G-Dragon
Build order — ask
86 actions detected in the replay
| 0:00 | Queue | Villager (Male) |
| 0:01 | Queue | Villager (Male) |
| 0:01 | Queue | Villager (Male) |
| 0:01 | Queue | Villager (Male) |
| 0:02 | Build | House |
| 0:05 | Build | House |
| 1:24 | Queue | Villager (Male) |
| 1:49 | Queue | Villager (Male) |
| 1:49 | Queue | Villager (Male) |
| 2:20 | Queue | Villager (Male) |
| 2:20 | Queue | Villager (Male) |
| 2:46 | Queue | Villager (Male) |
| 2:47 | Queue | Villager (Male) |
| 2:47 | Queue | Villager (Male) |
| 2:51 | Build | Lumber Camp |
| 3:18 | Queue | Villager (Male) |
| 3:30 | Queue | Villager (Male) |
| 3:30 | Queue | Villager (Male) |
| 3:30 | Queue | Villager (Male) |
| 3:30 | Queue | Villager (Male) |
| 3:45 | Queue | Villager (Male) |
| 3:45 | Queue | Villager (Male) |
| 3:52 | Build | House |
| 4:09 | Queue | Villager (Male) |
| 4:09 | Queue | Villager (Male) |
| 4:30 | Queue | Villager (Male) |
| 4:31 | Queue | Villager (Male) |
| 5:13 | Queue | Villager (Male) |
| 5:31 | Build | Mill |
| 5:53 | Research | Loom |
| 5:53 | Research | Loom |
| 6:41 | Queue | Villager (Male) |
| 6:58 | Research | Feudal Age |
| 7:07 | Build | House |
| 8:01 | Build | Barracks |
| 9:16 | Age | Feudal Age |
| 9:17 | Build | Archery Range |
| 9:17 | Queue | Villager (Male) |
| 9:18 | Queue | Spearman |
| 9:26 | Build | Mining Camp |
| 9:35 | Queue | Villager (Male) |
| 9:40 | Research | Double-Bit Axe |
| 9:40 | Research | Double-Bit Axe |
| 10:00 | Build | House |
| 10:06 | Queue | Villager (Male) |
| 10:07 | Queue | Archer |
| 10:07 | Queue | Archer |
| 10:14 | Queue | Villager (Male) |
| 10:34 | Queue | Villager (Male) |
| 10:38 | Build | Palisade Wall |
| 10:43 | Build | House |
| 10:44 | Build | House |
| 10:54 | Queue | Archer |
| 10:55 | Queue | Archer |
| 11:01 | Queue | Villager (Male) |
| 11:04 | Build | House |
| 11:35 | Queue | Villager (Male) |
| 11:47 | Queue | Villager (Male) |
| 12:02 | Queue | Villager (Male) |
| 12:21 | Build | Palisade Wall |
| 12:33 | Queue | Villager (Male) |
| 12:39 | Queue | Archer |
| 12:43 | Build | Blacksmith |
| 13:02 | Queue | Archer |
| 13:04 | Queue | Villager (Male) |
| 13:25 | Research | Fletching |
| 13:26 | Research | Fletching |
| 13:29 | Build | Farm |
| 13:32 | Queue | Villager (Male) |
| 13:40 | Queue | Archer |
| 13:58 | Queue | Villager (Male) |
| 14:01 | Build | Farm |
| 14:10 | Queue | Archer |
| 14:46 | Queue | Villager (Male) |
| 14:50 | Queue | Archer |
| 15:01 | Queue | Villager (Male) |
| 15:03 | Build | Stable |
| 15:12 | Build | Farm |
| 15:20 | Queue | Archer |
| 15:23 | Queue | Villager (Male) |
| 15:25 | Build | Farm |
| 15:42 | Queue | Scout Cavalry |
| 15:42 | Queue | Scout Cavalry |
| 15:50 | Queue | Villager (Male) |
| 15:53 | Build | Farm |
| 15:53 | Queue | Archer |
Build order — G-Dragon
91 actions detected in the replay
| 0:01 | Queue | Villager (Male) |
| 0:02 | Build | House |
| 0:03 | Build | House |
| 0:18 | Queue | Villager (Male) |
| 0:18 | Queue | Villager (Male) |
| 0:33 | Queue | Villager (Male) |
| 0:34 | Queue | Villager (Male) |
| 1:23 | Queue | Villager (Male) |
| 1:45 | Build | Lumber Camp |
| 1:56 | Queue | Villager (Male) |
| 2:27 | Queue | Villager (Male) |
| 2:45 | Queue | Villager (Male) |
| 3:08 | Queue | Villager (Male) |
| 3:08 | Queue | Villager (Male) |
| 3:39 | Build | House |
| 3:44 | Queue | Villager (Male) |
| 3:44 | Queue | Villager (Male) |
| 4:24 | Queue | Villager (Male) |
| 4:55 | Queue | Villager (Male) |
| 4:58 | Build | Barracks |
| 5:19 | Build | House |
| 5:21 | Queue | Villager (Male) |
| 5:39 | Queue | Villager (Male) |
| 5:48 | Build | House |
| 5:56 | Queue | Militia |
| 5:57 | Queue | Militia |
| 6:08 | Queue | Villager (Male) |
| 6:29 | Queue | Villager (Male) |
| 6:45 | Research | Loom |
| 6:46 | Research | Loom |
| 7:12 | Build | Mill |
| 7:24 | Research | Feudal Age |
| 7:24 | Research | Feudal Age |
| 7:57 | Build | Mining Camp |
| 8:34 | Queue | Villager (Male) |
| 8:37 | Queue | Militia |
| 8:58 | Queue | Villager (Male) |
| 9:08 | Queue | Militia |
| 9:34 | Age | Feudal Age |
| 9:39 | Research | Double-Bit Axe |
| 9:39 | Research | Double-Bit Axe |
| 9:55 | Queue | Villager (Male) |
| 9:57 | Research | Man-at-Arms (upgrade) |
| 9:57 | Research | Man-at-Arms (upgrade) |
| 10:08 | Research | Horse Collar |
| 10:27 | Build | Farm |
| 10:29 | Build | Farm |
| 10:30 | Build | House |
| 10:40 | Queue | Villager (Male) |
| 10:51 | Build | Farm |
| 10:52 | Build | Farm |
| 11:15 | Build | House |
| 11:20 | Queue | Villager (Male) |
| 11:29 | Queue | Villager (Male) |
| 11:31 | Build | Farm |
| 11:31 | Build | Farm |
| 11:56 | Queue | Villager (Male) |
| 11:58 | Build | Archery Range |
| 12:16 | Queue | Villager (Male) |
| 12:51 | Build | Blacksmith |
| 12:55 | Build | House |
| 12:56 | Queue | Archer |
| 13:00 | Queue | Villager (Male) |
| 13:05 | Build | House |
| 13:07 | Build | Palisade Wall |
| 13:12 | Queue | Archer |
| 13:16 | Queue | Villager (Male) |
| 13:35 | Research | Fletching |
| 13:36 | Research | Fletching |
| 13:36 | Queue | Archer |
| 13:37 | Queue | Villager (Male) |
| 13:59 | Build | House |
| 14:00 | Build | House |
| 14:02 | Queue | Archer |
| 14:03 | Queue | Villager (Male) |
| 14:12 | Build | House |
| 14:21 | Queue | Archer |
| 14:22 | Queue | Villager (Male) |
| 14:36 | Build | Farm |
| 14:53 | Queue | Villager (Male) |
| 15:00 | Queue | Archer |
| 15:09 | Build | Archery Range |
| 15:18 | Build | Farm |
| 15:22 | Queue | Villager (Male) |
| 15:29 | Queue | Archer |
| 15:30 | Queue | Archer |
| 15:36 | Research | Town Watch |
| 15:36 | Research | Town Watch |
| 15:39 | Build | Farm |
| 16:02 | Queue | Villager (Male) |
| 16:03 | Queue | Archer |
Match timeline
| 4:58 | G-Dragon · first_building Barracks |
| 8:01 | ask · first_building Barracks |
| 9:16 | ask · age_up feudal |
| 9:17 | ask · first_building Archery Range |
| 9:34 | G-Dragon · age_up feudal |
| 10:38 | ask · wall_segment Palisade Wall x3 |
| 11:58 | G-Dragon · first_building Archery Range |
| 12:21 | ask · wall_segment Palisade Wall x1 |
| 13:07 | G-Dragon · wall_segment Palisade Wall x2 |
| 15:03 | ask · first_building Stable |
| 16:11 | ask · resign |
[ AI ANALYSIS · 1 CREDIT ]
What really happened in this match?
Wolo.gg analyzes every decision: build order, eco, micro, common mistakes by bracket. Personalized analysis on WhatsApp or Discord in 30 seconds.
Civ guide
Tatars
Perfil
Jugador #4450310